 Dungeon Crawl Stone Soup version 0.18.1-8-gdd0e5ea (webtiles) character file.

191 Crag the Insei (level 5, -4/45 HPs)
             Began as a Naga Transmuter on May 29, 2016.
             Slain by an ogre
             ... wielding a +0 giant spiked club
              (19 damage)
             ... on level 4 of the Dungeon.
             The game lasted 00:18:33 (3165 turns).

Crag the Insei (Naga Transmuter)                    Turns: 3165, Time: 00:18:34

Health: -4/45      AC:  3    Str: 12    XL:     5   Next: 70%
Magic:  8/8        EV: 10    Int: 13    God:
Gold:   61         SH:  0    Dex: 13    Spells: 2 memorised, 4 levels left

rFire  . . .     SeeInvis +       - Unarmed
rCold  + . .     Gourm    .     b - +0 robe
rNeg   + . .     Faith    .     (no shield)
rPois  +         Spirit   .     (no helmet)
rElec  .         Dismiss  .     (no cloak)
rCorr  .         Reflect  .     f - +0 pair of gloves
SustAt .         Harm     .     (no barding)
MR     .....                    (no amulet)
Stlth  +.........               s - ring of positive energy
                                k - ring of protection from cold

@: very slow, not resistant to hostile enchantments, very unstealthy
A: see invisible, deformed body, poison resistance, slowness 2, slow metabolism
1, spit poison 2, AC +1
a: Spit Poison


You were on level 4 of the Dungeon.
You were not hungry.

You visited 1 branch of the dungeon, and saw 4 of its levels.

You collected 61 gold pieces.

Inventory:

Hand Weapons
 u - a +0 blowgun
 y - a +2 short sword of electrocution
 E - a +3 dagger
Missiles
 a - 31 arrows
 e - 69 bolts
 n - a curare-tipped needle
 x - 6 poisoned needles
Armour
 b - a +0 robe (worn)
 f - a +0 pair of gloves (worn)
 F - a cursed +0 leather armour
Jewellery
 k - a ring of protection from cold (left hand)
 s - a ring of positive energy (right hand)
Scrolls
 j - 5 scrolls of identify {unknown}
 l - 2 scrolls of noise {unknown}
 o - 4 scrolls of remove curse {unknown}
 p - a scroll of amnesia {unknown}
 r - 2 scrolls of teleportation {unknown}
 t - a scroll of enchant weapon {unknown}
 v - a scroll of random uselessness {unknown}
 w - a scroll of recharging {unknown}
 B - 2 scrolls of fear {unknown}
Potions
 g - 2 potions of curing {unknown}
 i - a potion of resistance {unknown}
 m - a potion of flight {unknown}
 q - a potion of heal wounds {unknown}
 z - 2 potions of brilliance {unknown}
 C - a potion of magic {unknown}
Books
 c - a book of Changes

   Spells                             Type                      Level
   a - Beastly Appendage              Transmutation                1
   b - Sticks to Snakes               Transmutation                2
   c - Spider Form                    Transmutation/Poison         3
   d - Ice Form                       Ice/Transmutation            4
   e - Blade Hands                    Transmutation                5
Comestibles
 d - 3 bread rations
 h - a beef jerky
 A - a chunk of flesh
 D - 2 fruits


   Skills:
 - Level 2.0 Fighting
 - Level 2.0 Dodging
 - Level 5.0 Unarmed Combat
 - Level 2.0 Spellcasting
 + Level 3.2 Transmutations


You had 4 spell levels left.
You knew the following spells:

 Your Spells              Type           Power        Failure   Level  Hunger
a - Beastly Appendage     Trmt           #.....       10%         1    ##.....
b - Spider Form           Trmt/Pois      #.........   38%         3    ####...


Dungeon Overview and Level Annotations

Branches:
Dungeon (4/15)
 Temple: D:4-7

Altars:


Innate Abilities, Weirdness & Mutations

You cannot wear boots.
Your serpentine skin is tough (AC +1).
You have supernaturally acute eyesight.
Armour fits poorly on your strangely shaped body.
Your system is resistant to poisons.
You cover ground very slowly.
You have a slow metabolism.
You can spit poison.


Message History

You have got your breath back.
The centaur skeleton hits you but does no damage.
The centaur skeleton barely misses you. The centaur skeleton hits you.
The centaur skeleton barely misses you.
The ogre is no longer moving slowly.
The centaur skeleton hits you. x2
You hit the centaur skeleton. The centaur skeleton barely misses you.
You hit the centaur skeleton. The centaur skeleton hits you.
You hit the centaur skeleton. The centaur skeleton hits you.
You hit the centaur skeleton. You punch the centaur skeleton.
The centaur skeleton barely misses you.
You punch the centaur skeleton! The centaur skeleton hits you.
You hit the centaur skeleton. You headbutt the centaur skeleton.
You destroy the centaur skeleton!
Your Transmutations skill increases to level 3!
Your horns disappear.
You hit the ogre.
The ogre is almost dead.
The ogre hits you with a giant spiked club!!
You die...

#(..
...#..#
...#..#
..#(. ..#..
#.#.# #.#O#
#######.#@#
#.........#
.#####.###
#.# #.#
########.#
+.....<..#
##########


You could see an ogre.

Vanquished Creatures
  A centaur skeleton (D:4)
  Jessica (D:2)
  6 adders
  2 worms
  5 dart slugs
  3 giant geckos
  2 orcs (D:3)
  2 giant cockroaches
  6 goblins
  6 hobgoblins
  4 jackals (D:1)
  6 kobolds
  A quokka (D:3)
  8 bats
  8 giant newts
  3 rats
64 creatures vanquished.

Vanquished Creatures (others)
  A goblin (D:2)
1 creature vanquished.

Grand Total: 65 creatures vanquished

Notes
Turn   | Place    | Note
--------------------------------------------------------------
     0 | D:1      | Crag the Naga Transmuter began the quest for the Orb.
     0 | D:1      | Reached XP level 1. HP: 18/18 MP: 3/3
   531 | D:1      | Reached XP level 2. HP: 25/25 MP: 1/5
  1053 | D:1      | Reached skill level 4 in Unarmed Combat
  1075 | D:1      | Reached XP level 3. HP: 22/31 MP: 4/6
  1330 | D:2      | Noticed Jessica
  1348 | D:2      | Killed Jessica
  1348 | D:2      | Reached XP level 4. HP: 38/38 MP: 5/7
  1360 | D:2      | Reached skill level 5 in Unarmed Combat
  2369 | D:3      | Reached XP level 5. HP: 45/45 MP: 5/8
  2436 | D:3      | Learned a level 3 spell: Spider Form
  3144 | D:4      | Noticed an ogre
  3165 | D:4      | Slain by an ogre

Skill      XL: |  1  2  3  4  5 |
---------------+----------------+-----
Unarmed Combat | 4 5 |  5.0
Fighting       | 2 |  2.0
Dodging        | 2 |  2.0
Transmutations | 3 |  3.2
Spellcasting   | |  2.0

Action                   |  1- 3 |  4- 6 || total
-------------------------+-------+-------++-------
Melee: Unarmed           |    63 |   125 ||   188
       Headbutt          |     5 |    13 ||    18
       Punch             |     1 |     2 ||     3
 Fire: Blowgun           |       |     2 ||     2
 Cast: Beastly Appendage |    16 |    25 ||    41
 Abil: Spit Poison       |    14 |    16 ||    30
       End Transformatio |       |     1 ||     1
  Eat: Chunk             |     2 |     6 ||     8
Armor: Robe              |    10 |    57 ||    67
Dodge: Dodged            |    23 |    79 ||   102
